 Dungeon Crawl Stone Soup version 0.29-a0-221-gceb61267dd (webtiles) character file.

Game seed: 17415342714550751081

7 Colgate the Conjurer (level 1, 0/13 HPs)
             Began as a Demonspawn Conjurer on Feb 26, 2022.
             Was a Follower of Kikubaaqudgha.
             Slain by a jackal (3 damage)
             ... on level 1 of the Dungeon.
             The game lasted 00:01:15 (576 turns).

Colgate the Conjurer (Demonspawn Conjurer)           Turns: 576, Time: 00:01:16

Health: 0/13       AC:  2    Str:  7    XL:     1   Next: 91%
Magic:  0/3        EV: 12    Int: 19    God:    Kikubaaqudgha [*.....]
Gold:   0          SH:  0    Dex: 11    Spells: 3/4 levels left

rFire   . . .      SeeInvis .   (no weapon)
rCold   . . .      Faith    .   (no shield)
rNeg    . . .      Spirit   .   a - +0 robe
rPois   .          Reflect  .   (no helmet)
rElec   .          Harm     .   (no cloak)
rCorr   .          Rampage  .   (no gloves)
Will    .....                   (no boots)
Stlth   ++........              (no amulet)
HPRegen 0.04/turn               (no ring)
MPRegen 0.08/turn               (no ring)

@: no status effects
A: no striking features
a: Renounce Religion, Receive Corpses


You were on level 1 of the Dungeon.
You worshipped Kikubaaqudgha.
Kikubaaqudgha was aware of your devotion.
You visited 1 branch of the dungeon, and saw 1 of its levels.

Inventory:

Armour
 a - a +0 robe (worn)
Scrolls
 b - a scroll of identify {unknown}
Potions
 c - a potion of might {unknown}


   Skills:
 - Level 1.7 Dodging
 - Level 1.7 Stealth
 - Level 2.0 Spellcasting
 + Level 4.4 Conjurations


You had 3 spell levels left.
You knew the following spells:

 Your Spells              Type           Power      Damage    Failure   Level
a - Magic Dart            Conj           72%        1d6       2%          1

Your spell library contained the following spells:

 Spells                   Type           Power      Damage    Failure   Level
 Searing Ray              Conj           36%        2d5       4%          2
 Animate Skeleton         Necr           2%         N/A       17%         1
 Pain                     Necr           4%         1d4       17%         1
 Dazzling Flash           Conj/Hex       20%        N/A       21%         3
 Corpse Rot               Necr/Air       2%         N/A       26%         2
 Sublimation of Blood     Necr           1%         N/A       26%         2
 Fulminant Prism          Conj/Hex       5%         3d7       56%         4
 Iskenderun's Mystic Bla  Conj/Tloc      10%        2d4       56%         4


Dungeon Overview and Level Annotations

Branches:
Dungeon (1/15)

Altars:
Kikubaaqudgha


Message History

Kikubaaqudgha accepts your kill. The jackal misses you.
You closely miss the jackal. The jackal misses you.
You hit the jackal but do no damage. The jackal barely misses you.
You miss the jackal.
The jackal bites you but does no damage.
The jackal completely misses you.
You hit the jackal but do no damage. The jackal closely misses you.
You hit the jackal but do no damage.
The jackal bites you but does no damage.
The jackal barely misses you.
You hit the jackal but do no damage. The jackal misses you.
You barely miss the jackal. The jackal closely misses you.
You hit the jackal but do no damage. The jackal bites you. x2
Casting: Magic Dart (safe; 2% risk of failure)
Aiming: Magic Dart (safe; 2% risk of failure)
Aim: a jackal (100% to hit)
The magic dart hits the jackal but does no damage.
The jackal bites you but does no damage.
You closely miss the jackal. Your punch misses the jackal.
The jackal bites you but does no damage.
The jackal misses you.
You hit the jackal. The jackal barely misses you.
You hit the jackal but do no damage. The jackal closely misses you.
You barely miss the jackal. The jackal barely misses you.
The endoplasm jiggles.
The jackal bites you.
You barely miss the jackal. The jackal closely misses you.
You hit the jackal but do no damage.
The jackal bites you but does no damage. x2
You hit the jackal but do no damage. The jackal bites you.
You closely miss the jackal. The jackal bites you.
* * * LOW HITPOINT WARNING * * *
You hit the jackal. The jackal misses you.
An endoplasm comes into view.
The jackal closely misses you.
The endoplasm quivers.
You hit the jackal. The jackal bites you.
You die...
Kikubaaqudgha rasps: "You have failed me!
Welcome... death!"

≈8# #..# .J ≈## ##.♣♣♣ ..
### ## #♣..♣♣ .. ..> #
♣♣..♣♣ ### h##.# ♣♣
♣...♣## ##.## .#.#
...♣♣♣♣..♣.# ##...##.†#
♣......8♣.# ##.....#.####
♣♣♣.⌠.)_♣.###...........#
♣.....8♣.@hJ...J....##.#
♣.♣♣♣♣..♣.###.........#
.. ♣♣.♣♣.# ##...........
♣ ♣.♣♣#.# ##...#...#.#
#♣.♣...# ##.###.####
#.♣♣.#### ### .#
#.......# .# #.##.##.#
#.##.# #


You could see 2 endoplasms and a jackal.

Vanquished Creatures
  A giant cockroach (D:1)
  2 jackals (D:1)
  A kobold (D:1)
  A quokka (D:1)
  A bat (D:1)
6 creatures vanquished.

Notes
Turn   | Place    | Note
-------+----------+-------------------------------------------
     0 | D:1      | Colgate the Demonspawn Conjurer began the quest for the
                  | Orb.
     0 | D:1      | Reached XP level 1. HP: 13/13 MP: 3/3
   473 | D:1      | Found a faded altar of an unknown god.
   481 | D:1      | Prayed at the altar of an unknown god.
   481 | D:1      | Became a worshipper of Kikubaaqudgha
   481 | D:1      | Reached * piety under Kikubaaqudgha
   481 | D:1      | Received a gift from Kikubaaqudgha
   576 | D:1      | Slain by a jackal

Illustrated notes

Levels and vault maps discovered:
D:1:      nagdon_arrival_double_spiral, layout_loops_corners, serial_shops,
          shop, nicolae_shop_waterfront, shop, nicolae_shop_behind_doors,
          nicolae_shop_trees, shapermc_ecumenical_altar_totnotflames,
          kennysheep_minor_cross

Action                   || total
-------------------------++-------
Melee: Unarmed           ||    22
 Cast: Magic Dart        ||    12
Armor: Robe              ||     9
Dodge: Dodged            ||    18

Table legend: (Time is in decaauts)
 A = Elapsed time spent in this place.
 B = Non-inter-level travel time spent in this place.
 C = Inter-level travel time spent in this place.
 D = Time resting spent in this place.
 E = Time spent auto-exploring this place.
 F = Levels seen in this place.
 G = Mean time per level.
                   A        B        C        D        E       F      G
               +--------+--------+--------+--------+--------+-----+--------+
         Total |    611 |    611 |      0 |      0 |    510 |   1 |  611.0 |
       Dungeon |    611 |    611 |      0 |      0 |    510 |   1 |  611.0 |
               +--------+--------+--------+--------+--------+-----+--------+

Top non-repeatable levels by time:
     D:1: 611 daAuts
